le, chaotic female elven Wizard ------------ |.....<....| ################################)###)# |..........-#######------ --------------- ---------# # |..........|### #|.|..| |..|....|..|..| .|..|...|# ### -.----.-.--- # #|.|..| |..|....|..|..-..|..-...|# # # # # ### #|.--|----|--....--|-|--------...|# ### ###### ### # # # #|..............l................|# # ---.------ ###### ###|.-|--------.......----------....#####%#####...^.....| ##0# #|.|..|..-..-......{-....|...|...| # |.......>| #### #|.|..|..|..|....x..|....|...-...| ##.........| ### #|.----------..c.@..|.(_.|...|...| ---------- #### ###|.............{aa..|....|...|...| ## # #-.-------|-------.----------|.(.| #### ### |.|....|...|(((.|.|....|....-...| # # |.|....|...|((..|.|....|(..(|[[.| -.--.-.----- #n# |.|...||...|.(..-.|.d..|....|...| |..........| # |.----|----------.----|------...| |....(......## |.....u.........................| ------------ --------------------------------- le the Magician Experience level: 11 Strength: 25 Dexterity: 13 Constitution: 16 Intelligence: 20 Wisdom: 17 Charisma: 10 Health: 0(80) Energy: 154(159) AC: -1 Gold: 4400 Moves: 17726 Your Inventory: Coins $ - 4400 gold pieces Weapons P - 9 uncursed +4 daggers (in quiver) Y - the blessed rustproof +3 Magicbane (weapon in hand) Armor c - an uncursed burnt +1 pair of riding gloves [leather] (being worn) p - a blessed +4 cloak of magic resistance (being worn) t - an uncursed rusty +0 hard hat of power [dwarvish iron helm] (being worn) D - a blessed +1 pair of combat boots of speed [kicking] (being worn) Z - an uncursed +0 leather armor (being worn) Scrolls q - an uncursed scroll of teleportation A - a cursed scroll of teleportation Potions d - a [cursed] potion called prob obj detection [of object detection] e - an [uncursed] potion of healing Wands a - an uncursed wand of magic missile [0:5] f - an uncursed wand called sleep/death [of sleep (0:7)] u - an uncursed wand called vanisher [of make invisible (0:3)] v - an uncursed wand of digging [0:5] J - an uncursed wand called teleport [of teleportation] (0:0) Tools b - an uncursed bag of holding k - an uncursed key [skeleton key] s - an uncursed stethoscope W - an uncursed towel Contents of the bag of holding: 4 uncursed [+0] arrows of detonation an uncursed food ration an uncursed tripe ration 2 blessed potions called water [of holy water] an uncursed ring of levitation an uncursed wand of cold [0:1] an uncursed [oil] lamp an uncursed tin whistle Spells known in the end: Name Level Category Fail Memory a - force bolt 1 attack 3% [|.......] b - sleep 1 enchantment 3% [|.......] c - cure sickness 3 healing 76% [||......] d - clairvoyance 3 divination 76% [||||....] e - magic missile 2 attack 0% [||||||||] f - extra healing 3 healing 76% [||||||||] g - wizard lock 2 matter 12% [||||||||] h - slow monster 2 enchantment 3% [||||||||] Your skills at the end: Fighting Skills Weapon Skills dagger [Expert / Expert] quarterstaff [Basic / Expert] Spellcasting Skills attack spells [Basic / Expert] enchantment spells [Skilled / Skilled] Final Attributes: You were piously aligned. Hunger level was 971. Your alignment was 98 / 98. Monster difficulty range was 1 - 9. Level difficulty was 7. You were immune to sleep. You resisted electricity. You resisted poison. You were magic-protected. You were blinded. You saw invisible. You were telepathic. You had infravision. You were very fast. Your luck was zero. You are dead. Vanquished creatures: a minotaur a vampire lord a vampire a watch captain 7 ghosts 3 giant mimics a flesh golem a warhorse 2 ettin mummies 2 wood golems 2 large dogs 2 flaming spheres a large cat 2 tigers a gargoyle 2 tengu an ochre jelly an energy vortex 4 stone giants an elf mummy a pit viper a python a wraith 5 ettin zombies 5 watchmen a succubus 2 chameleons 2 giant beetles a quivering blob 2 cockatrices a lynx 4 leprechauns a giant spider a scorpion a horse an ice vortex a vampire bat 4 gnome kings 2 orc mummies 5 dwarf mummies 2 brown puddings a rust monster 4 owlbears 2 werewolves a chickatrice a dingo 2 jaguars 2 dwarf lords a blue jelly 5 dust vortices 4 ravens 2 plains centaurs 2 gnome mummies 2 snakes an ape a human zombie a rope golem a fire ant 4 snow ants a wood nymph 2 water nymphs a mountain nymph 9 Mordor orcs 13 Uruk-hai 2 rock piercers 3 enormous rats a rock mole a pony a fog cloud 2 yellow lights a shrieker 3 violet fungi 12 gnome lords 2 gnomish wizards 2 kobold mummies a black naga hatchling a golden naga hatchling 2 gray oozes a barrow wight 7 elf zombies 2 ghouls a wax golem a baby crocodile 15 giant ants 6 floating eyes 2 kittens 17 dwarves 2 homunculi a kobold lord a kobold shaman 9 hill orcs 3 rothes a giant bat 2 monkeys 13 orc zombies 4 dwarf zombies a werejackal 8 iguanas 6 killer bees 5 acid blobs 3 coyotes 6 gas spores 9 hobbits 7 manes 2 large kobolds 4 hobgoblins 2 giant rats 6 cave spiders a brown mold 2 yellow molds a green mold 78 gnomes 22 garter snakes a gnome zombie 6 geckos 5 jackals a goblin 4 sewer rats 15 grid bugs 4 bats 7 lichens 9 kobold zombies 8 newts 489 creatures vanquished. Voluntary challenges: You used a wielded weapon 381 times. You read items or engraved 290 times. You put on armor 39 times. You never genocided any monsters. You never polymorphed an object. You never changed form. You used no wishes. You wrote Elbereth's name 166 times. You encountered 1 bones level. You used 1 Sokoban shortcut. Dungeon overview: The Dungeons of Doom: levels 1 to 13 Level 1 a long staircase Level 2 an armor shop portal to Advent Calendar Level 3 an armor shop, a sink stairs to The Gnomish Mines Level 4 a general store, an altar Level 5 a sink Level 6 a fountain Level 8 an armor shop stairs to Sokoban Level 10 a fountain stairs to Town Level 11 a fountain Level 12 an altar The Gnomish Mines: levels 4 to 11 Level 4 stairs to The Dungeons of Doom Level 7 <- You were here many shops, a temple to Anhur, a magic chest, some fountains Level 10 (vampire!) Level 11 a fountain Sokoban: levels 5 to 7 Level 7 a magic chest stairs to The Dungeons of Doom Town: Level 9 stairs to The Dungeons of Doom Advent Calendar: Level 2 many trees portal to The Dungeons of Doom History has recorded: On T:1 you entered the Dungeons of Doom to retrieve the Amulet of Yendor! On T:253 you reached level 2 of The Dungeons of Doom. On T:401 you reached level 1 of Advent Calendar. On T:693 you reached level 3 of The Dungeons of Doom. On T:839 you reached level 4 of The Dungeons of Doom. On T:1026 you advanced to experience level 2. On T:1128 you reached level 5 of The Dungeons of Doom. On T:1314 you advanced to experience level 3. On T:1364 you reached level 6 of The Dungeons of Doom. On T:1743 you reached level 7 of The Dungeons of Doom. On T:1891 you reached level 8 of The Dungeons of Doom. On T:1950 you reached level 9 of The Dungeons of Doom. On T:1959 you reached level 3 of Sokoban. On T:2079 you advanced to experience level 4. On T:2093 you advanced to experience level 5. On T:2939 you reached level 2 of Sokoban. On T:4536 you reached level 1 of The Gnomish Mines. On T:4696 you reached level 2 of The Gnomish Mines. On T:5031 you reached level 3 of The Gnomish Mines. On T:6017 you advanced to experience level 6. On T:6766 you reached level 5 of The Gnomish Mines. On T:6985 you reached level 6 of The Gnomish Mines. On T:7049 you reached level 7 of The Gnomish Mines. On T:7170 you advanced to experience level 7. On T:7833 you advanced to experience level 8. On T:7850 you reached level 8 of The Gnomish Mines. On T:8037 you received Magicbane from Anhur. On T:9182 you reached level 1 of Sokoban. On T:10642 you advanced to experience level 9. On T:11661 you reached level 10 of The Dungeons of Doom. On T:11937 you reached level 3 of Town. On T:12181 you reached level 11 of The Dungeons of Doom. On T:12359 you reached level 12 of The Dungeons of Doom. On T:12474 you advanced to experience level 10. On T:12753 you reached level 13 of The Dungeons of Doom. On T:16620 you advanced to experience level 11. Latest messages: The sleep ray hits the priestess of Anhur. The sleep ray bounces! The sleep ray hits the priestess of Anhur. The giant ant bites! (2x) The pyrolisk attacks you with a fiery gaze! The priestess of Anhur swings her mace. The priestess of Anhur hits! The priestess of Anhur kicks! The priestess of Anhur casts a spell at you! Scales cover your eyes! [HP-33=14] You feel an absence of magical power. The giant ant bites! The giant ant misses. [HP-1=13] The giant ant misses. (2x) The grid bug misses. The invisible priestess of Anhur hits! You die... Final status: Goodbye le the Wizard... You died in The Gnomish Mines on dungeon level 7 with 26048 points, and 4400 pieces of gold, after 17726 moves. You were level 11 with a maximum of 80 hit points when you died.